Merlek, neutral female valkyrie Shieldmaiden ------------------------------------------------------------------- ------- |........%....|.......|.........|.....|............%......|.......| . |...| |.---.-----.|.|.-.---.| |.---.|.|.---.|.|.-.---.|.---.---.|.|.....|.| |.|.| |.....|.|...|.|(^.|...| |.|...|...|.|.|.|.)...|.|.|.|...|...|..>....| |.|.| |.-----.|.---.---.|.----|.|.|.-----.|.|.|.-.|.|.|.|.|--.|----...[.--- |.|.| |.......|.|.............|.|.|...|..%..|.|...|...|.|.|...|.............|.|.| |--.---.-.|.-----------.|.--|.---.|`---.---.|---|.|.|.--- -----.-------.|.| |...|.........|.....|.|.|...|.....|.|.....|.|...|...|.| |.........|.| |.---.-----.|.|U---.|^|.---.|.-----.-----.|.|.|.---...--- |----------.| |.....|<%..`|.U@|.|.|.|.....|.|..```%.....|...|.....|...| |.....|.....| |.--------------|.|.|.------|.|.---.-----.|---|.-------.| ---.|.|.----| |.|.............|...|.......|.....|.|...|.|...|. |.| |.|.|.|...| |.|.-------.---.|1-------.|.-----.|.|$|.---.|.|-- ---.| | --|.|.---.| |...|...|.|.......2.[.....|...|.|...|.|.....|.| |...| . |.|...|.| |.---.|.|.|.|.---.|.|.|.|.---.|.---.|.|----.|.|---- |.---^` | --- |.---.|.| |.....|.|.|.|.|...|.|.|.|...|.....|%|.|.......|...| |...........| |...|.|.| |------.|.|.---.---.|.---.|[|.-----.|.|.|.-[-.|.|.-----[` ..----- |.|.|.|.| |...%...........|...|.....|.[.%.....%.|.|.......|.................|.|.....| --------------------------------------------------------------------------- Merlek the Shieldmaiden Experience level: 18 Strength: 25 Dexterity: 18 Constitution: 18 Intelligence: 11 Wisdom: 15 Charisma: 13 Health: 0(141) Energy: 83(83) Def: 25 Gold: 152 Moves: 21870 Dungeon seed [set]: Game ID: Merlek_1695580699 Your Inventory: Coins $ - 152 gold pieces Weapons a - the blessed rustproof +5 Mjollnir (weapon in hand) o - 3 uncursed +2 spears Armor e - an uncursed +0 pair of jumping boots (being worn) j - an uncursed +0 dwarvish mithril-coat (being worn) q - a blessed greased fireproof +2 cloak of magic resistance (being worn) r - an uncursed +0 elven leather helm (being worn) y - a blessed rusty +1 pair of gauntlets of power (being worn) N - a blessed +2 shield of reflection (being worn) Rings d - a blessed +5 ring of protection (on left hand) t - an uncursed ring of shock resistance (on right hand) Wands b - an uncursed wand of secret door detection (0:14) A - an uncursed wand of locking (0:6) C - an uncursed wand of sleep (0:8) H - an uncursed wand of sleep (0:8) J - an uncursed wand of striking (0:5) M - an uncursed wand of nothing (0:7) Q - an uncursed wand of digging (0:5) S - an uncursed wand of striking (0:5) Tools h - an uncursed +0 unicorn horn k - an uncursed lock pick named cold fire sleep poison tele l - a blessed magic lamp (lit) s - an uncursed stethoscope x - an uncursed +0 pick-axe E - an uncursed tooled horn I - a blessed bag of holding P - the blessed Orb of Fate (0:5) R - the uncursed Bell of Opening (0:3) X - an uncursed towel Contents of the bag of holding: an uncursed amulet of reflection an uncursed amulet of unchanging a [uncursed] [+0] silver saber 2 uncursed cloves of garlic 2 uncursed lembas wafers an uncursed lizard corpse 2 uncursed sprigs of wolfsbane a [uncursed] tin of nurse meat a [uncursed] scroll [of confuse monster] labeled HAPAX LEGOMENON a blessed scroll of charging 2 [uncursed] scrolls of create monster an uncursed scroll of earth a [cursed] scroll of enchant weapon a [uncursed] scroll of enchant weapon 3 uncursed scrolls of gold detection a blessed scroll of identify a [uncursed] scroll of identify 2 uncursed scrolls of magic mapping a [blessed] scroll of punishment a blessed scroll of remove curse a [uncursed] scroll of remove curse 3 uncursed scrolls of scare monster 2 uncursed scrolls of teleportation an uncursed unlabeled scroll [of blank paper] a cursed unlabeled scroll [of blank paper] an uncursed potion of extra healing 3 blessed potions of full healing a potion of holy water 2 uncursed potions of object detection 3 uncursed potions of oil an uncursed potion of polymorph 2 uncursed potions of restore ability a [blessed] potion of sickness a [uncursed] potion of sleeping an uncursed ruby potion [of enlightenment] an uncursed violet potion [of levitation] a cursed violet potion [of levitation] a blessed +2 ring of increase damage an uncursed ring of levitation an uncursed ring of see invisible an uncursed ring of sustain ability an uncursed ring of warning an uncursed wand of create monster (0:9) an uncursed wand of digging (0:7) a [uncursed] wand of digging [0:4] a [uncursed] wand of digging [0:4] a [uncursed] wand of digging [0:7] an uncursed wand of fire (0:5) an uncursed wand of lightning (0:6) an uncursed wand of magic missile (0:7) an uncursed wand of make invisible (0:3) an uncursed wand of opening (0:3) an uncursed wand of secret door detection (0:12) a [uncursed] bugle a [uncursed] expensive camera [0:47] a [uncursed] flute [wooden flute] an uncursed magic marker (0:71) an uncursed tinning kit (0:46) Spells and supernatural/magical abilities: Name Level Category Fail Memory a - protection 1 clerical 100% 41% b - light 1 divination 100% 43% c - sleep 2 enchantment 100% 54% d - stone to flesh 3 healing 100% 56% e - cone of cold 4 attack 100% 75% f - healing 1 healing 100% 87% g - drain life 3 attack 100% 90% W - pray for help -- divine ? -- Y - supernatural jump -- ability ? -- Your skills at the end: Miscellaneous Skills shield [Expert] wands [Basic] stealth [Basic] Weapon Skills dagger [Skilled] hammer [Expert] spear [Expert] Spellcasting Skills Final Attributes: You were piously aligned. You were fire resistant. You were cold resistant. You were sleep resistant. You were shock resistant. You were poison resistant. You were magic-protected. You were confused. You were telepathic. You were warned. You were stealthy. You could jump. You could fly. You were protected. You were fast. You had reflection. You were extremely lucky. You had extra luck. Good luck did not time out for you. You are dead. Vanquished creatures: Medusa a ki-rin a gray dragon a white dragon a black dragon a green dragon a yellow dragon a titan a purple worm 6 minotaurs a jabberwock Lord Surtur an Angel a young gray dragon a young silver dragon 3 young orange dragons a young black dragon 5 stone golems 3 gryphons 3 dire bears a vampire lord a captain 3 liches 2 nurses a nalfeshnee 2 lurkers above an Aleax 3 frost giants a golden naga 2 vampires 3 ghosts an ettin 3 lieutenants 2 queen bees 2 giant mimics 35 fire giants 2 ogre kings 5 ice trolls a grizzly bear 2 umber hulks a flesh golem a doppelganger a large mimic 2 wumpuses 3 long worms 2 stalkers 2 air elementals 3 hill giants 2 giant mummies 2 black nagas 4 elf-lords a giant zombie a sergeant 5 wargs 6 quantum mechanics 5 small mimics 2 island nymphs a warhorse a xan a shark 2 electric eels 2 ogre lords 6 trolls a sasquatch 2 werebears a pyrolisk a large dog 2 stinking spheres 7 freezing spheres a flaming sphere 3 shocking spheres 5 tigers 2 gargoyles 2 dwarf kings 2 tengu an ochre jelly 2 crocodiles 3 chameleons a leocrotta an energy vortex a mountain centaur a giant 2 elf mummies 3 human mummies 6 Grey-elves a python 4 cobras a black bear 5 wraiths an ettin zombie a leather golem 5 soldiers a succubus an incubus 2 giant beetles 4 cockatrices 6 wolves 3 winter wolf cubs 3 black lights 3 gremlins 4 leprechauns 4 lizards 2 mountain nymphs 2 orc-captains 2 mumakil 10 giant spiders 3 scorpions 2 iron piercers 2 ice vortices 3 vampire bats 2 forest centaurs a gnome king 7 piranhas an orc mummy a dwarf mummy 4 ogres 3 brown puddings 10 Green-elves 5 rust monsters 4 owlbears 3 yetis 2 gold golems a werewolf 4 chickatrices 2 dogs 3 dingos 2 housecats 8 jaguars 6 dwarf lords a water nymph 2 white unicorns 2 black unicorns 4 dust vortices a raven 4 plains centaurs 4 gnome mummies a Woodland-elf 4 apes 7 human zombies a rope golem 12 soldier ants 65 fire ants 8 yellow lights 22 bugbears 2 imps 2 baby crocodiles 5 wood nymphs 12 Mordor orcs 2 Uruk-hai 3 orc shamans 2 rock moles 6 rock piercers 3 ponies a fog cloud 5 shriekers 2 violet fungi 10 gnome lords 5 gnomish wizards a jellyfish 2 kobold mummies 4 gray oozes a barrow wight 3 ghouls 2 straw golems a paper golem 15 giant ants 2 puppies 7 floating eyes 2 kittens 18 dwarves 5 homunculi 7 quasits 2 kobold lords 5 kobold shamans 4 iguanas 4 hill orcs 9 rothes 5 rabid rats 2 centipedes 5 jitterbugs 3 giant bats an orc zombie 6 dwarf zombies a wererat a werejackal 83 killer bees 5 coyotes 2 gas spores 7 hobbits 2 acid blobs 3 large kobolds 8 geckos 13 hobgoblins 3 giant rats 11 cave spiders 5 brown molds 6 yellow molds 3 green molds 5 red molds 23 gnomes 8 garter snakes 6 manes 5 gnome zombies 17 jackals 4 foxes 4 kobolds 9 newts 7 goblins 4 sewer rats 8 grid bugs 3 bats 6 lichens 2 kobold zombies 936 creatures vanquished. Voluntary challenges: You did not cause conflict. You were not displaced. You donated to a temple 1 time, starting on turn 12859. You did not receive divine protection from a temple. You used a wielded weapon 1452 times, starting on turn 697. You did not use sinks. You read items or engraved 61 times, starting on turn 3525. You never genocided any monsters. You never polymorphed an object. You never changed form. You cheated 1 time but completed Sokoban on turn 5183. You used 1 wish, starting on turn 13240. You did not wish for any artifacts. You equipped an artifact on turn 10080. You never split a pudding. You never wrote Elbereth's name. You violated your moral code, losing 1 point of alignment, starting on turn 21822. Dungeon overview: The Dungeons of Doom: levels 1 to 31 Level 1 a vault, some fountains a long staircase Level 2 Level 3 (food+money) a vault, a bench stairs to The Gnomish Mines Level 4 a wand shop, some fountains Level 5 a vault Level 6 many fountains Level 7 a fountain, a bench stairs to Sokoban Level 8 a general store Level 9 Level 10 some fountains Level 11 Level 12 a fountain Level 13 portal to The Quest Level 14 Level 15 Level 16 an altar to Odin Level 17 Level 18 Level 19 a fountain Level 20 Level 21 a sink Level 22 Level 23 (2.6k) a fountain Level 24 (spellbook drain life chest) a fountain Level 25 (LICH) Level 26 Level 27 (demobane + stuff on floor) Level 28 Level 29 Level 30 <- You were here a fountain Level 31 a magic chest, many fountains, a sink, many trees The Gnomish Mines: levels 4 to 11 Level 4 stairs to The Dungeons of Doom Level 5 Level 6 Level 7 some shops, a temple to Tyr, a magic chest, some fountains Level 8 Level 9 Level 10 Level 11 The Quest: levels 1 to 5 Level 1 a magic chest, a fountain portal to The Dungeons of Doom Level 2 Level 3 Level 4 Level 5 Sokoban: levels 3 to 6 Level 3 a magic chest Level 4 Level 5 Level 6 (STASH) a magic chest stairs to The Dungeons of Doom History has recorded: On T:1 you entered the Dungeons of Doom to retrieve the Amulet of Yendor! On T:299 you reached level 2 of The Dungeons of Doom. On T:370 you advanced to experience level 2. On T:495 you reached level 3 of The Dungeons of Doom. On T:563 you advanced to experience level 3. On T:673 you reached level 1 of The Gnomish Mines. On T:697 you advanced to experience level 4. On T:989 you reached level 2 of The Gnomish Mines. On T:994 you advanced to experience level 5. On T:1107 you reached level 3 of The Gnomish Mines. On T:1233 you advanced to experience level 6. On T:1401 you reached level 4 of The Gnomish Mines. On T:1633 you entered the Minetown temple On T:2553 you reached level 4 of The Dungeons of Doom. On T:2694 you advanced to experience level 7. On T:3081 you reached level 5 of The Dungeons of Doom. On T:3221 you reached level 6 of The Dungeons of Doom. On T:3377 you reached level 7 of The Dungeons of Doom. On T:3426 you reached level 4 of Sokoban. On T:3677 you reached level 3 of Sokoban. On T:4314 you reached level 2 of Sokoban. On T:4544 you reached level 1 of Sokoban. On T:5183 you entered the Sokoban zoo. On T:5207 you advanced to experience level 8. On T:6535 you reached level 8 of The Dungeons of Doom. On T:6595 you reached level 9 of The Dungeons of Doom. On T:6975 you reached level 10 of The Dungeons of Doom. On T:7134 you reached level 11 of The Dungeons of Doom. On T:7173 you reached level 12 of The Dungeons of Doom. On T:7223 you advanced to experience level 9. On T:7277 you prayed to Odin. On T:8626 you reached level 13 of The Dungeons of Doom. On T:8639 you reached level 14 of The Dungeons of Doom. On T:8831 you advanced to experience level 10. On T:9666 you reached level 15 of The Dungeons of Doom. On T:10017 you reached level 16 of The Dungeons of Doom. On T:10078 you received Mjollnir from Odin. On T:10171 you prayed to Odin. On T:11403 you reached level 17 of The Dungeons of Doom. On T:11403 you entered the Rogue tribute level. On T:11463 you advanced to experience level 11. On T:11707 you reached level 18 of The Dungeons of Doom. On T:11982 you reached level 19 of The Dungeons of Doom. On T:12252 you reached level 20 of The Dungeons of Doom. On T:12435 you reached level 21 of The Dungeons of Doom. On T:12461 you advanced to experience level 12. On T:12462 you advanced to experience level 13. On T:12463 you advanced to experience level 14. On T:13013 you reached level 5 of The Gnomish Mines. On T:13240 you wished for "blessed greased fixed +2 cloak of magic resistance". On T:13244 you reached level 6 of The Gnomish Mines. On T:13301 you reached level 7 of The Gnomish Mines. On T:14005 you advanced to experience level 15. On T:14460 you reached level 8 of The Gnomish Mines. On T:14460 you reached the bottom of the Mines. On T:15487 you received Cleaver from Odin. On T:16079 you unlocked the gnomish race by travelling via magic portal. On T:16079 you reached level 1 of The Quest. On T:16246 you prayed to Odin. On T:16333 you prayed to Odin. On T:16679 you became pious. On T:16795 you embarked upon an epic quest. On T:16795 you unlocked the permanent-hallucination option by qualifying for the Shieldmaiden quest. On T:16834 you reached level 2 of The Quest. On T:16994 you reached level 3 of The Quest. On T:17233 you reached level 4 of The Quest. On T:17318 you reached level 5 of The Quest. On T:17404 you advanced to experience level 16. On T:17443 you killed Lord Surtur on level 5 of The Quest. On T:17707 you completed the quest! On T:18057 you opened a magic chest. On T:18500 you advanced to experience level 17. On T:19353 you reached level 22 of The Dungeons of Doom. On T:19439 you reached level 23 of The Dungeons of Doom. On T:19702 you reached level 24 of The Dungeons of Doom. On T:19880 you reached level 25 of The Dungeons of Doom. On T:20089 you killed Medusa on level 25 of The Dungeons of Doom. On T:20103 you advanced to experience level 18. On T:20346 you reached level 27 of The Dungeons of Doom. On T:20945 you reached level 28 of The Dungeons of Doom. On T:21249 you reached level 29 of The Dungeons of Doom. On T:21464 you reached level 30 of The Dungeons of Doom. On T:21777 you reached The Castle. On T:21865 you prayed to Odin. Score breakdown: Gold: 152 ( 15 points) Experience: 18 levels ( 1700 points) Exploration: 31 levels ( 900 points) Discoveries: 94 items ( 2000 points) Variety of kills: 213 monsters ( 2000 points) Major goal: finished the Quest ( 2000 points) Survival: died (score multiplied by 3) Total score: 25845 Latest messages: A mysterious force prevents the dire bear from teleporting! (2x) A mysterious force prevents the ettin from teleporting! A mysterious force prevents the umber hulk from teleporting! (2x) A mysterious force prevents you from teleporting! The dire bear misses. The dire bear mauls you! The dire bear just misses! The dire bear mauls you! The dire bear just misses! The dire bear misses. The dire bear mauls you! The dire bear misses. The dire bear bites! The dire bear mauls you! The dire bear misses. The dire bear bites! Never mind. The massive hammer hits! Lightning strikes the dire bear! (2x) The dire bear mauls you! The dire bear misses. The dire bear bites! The dire bear misses. The dire bear mauls you! You die... Final status: Goodbye Merlek the Shieldmaiden, killed by a dire bear... You died in The Dungeons of Doom on dungeon level 30 with 25845 points, and 152 pieces of gold, after 21870 moves. You were level 18 with a maximum of 141 hit points when you died.